 Dungeon Sprint DCSS version 0.29.1-14-g9c671dbff4 (webtiles) character file.

Game seed: 3431723127225394337

7254 Groucho the Spry (level 10, -8/48 HPs)
             Began as a Spriggan Earth Elementalist on Feb 18, 2023.
             Was a High Priest of Vehumet.
             Succumbed to a death drake's dark miasma
             ... in the Dungeon (Sprint III: "The Ten Rune Challenge").
             The game lasted 00:09:52 (5167 turns).

Groucho the Spry (Spriggan Earth Elementalist)      Turns: 5167, Time: 00:09:52

Health: -8/48      AC:  2    Str:  4    XL:     10   Next: 88%
Magic:  18/29      EV: 27    Int: 21    God:    Vehumet [*****.]
Gold:   51         SH:  0    Dex: 16    Spells: 28/37 levels left

rFire   . . .      SeeInvis +   c - +3 demon trident
rCold   . . .      Faith    .   (shield currently unavailable)
rNeg    . . .      Spirit   .   a - +0 robe
rPois   .          Reflect  .   (helmet restricted)
rElec   .          Harm     .   (no cloak)
rCorr   .          Rampage  .   (gloves unavailable)
Will    +....      NoTele   +   (boots unavailable)
Stlth   ++........              (no amulet)
HPRegen 0.96/turn               (no ring)
MPRegen 0.21/turn               (no ring)

@: lethally poisoned (-8 -> -41), slowed, quick
A: very small, no large weapons, unfitting armour, see invisible, speed 3,
regeneration 1, robust 1, evolution 2
a: Renounce Religion


You were in the Dungeon.
You worshipped Vehumet.
Vehumet was extremely pleased with you.
You visited 1 branch You collected 51 gold pieces.

Inventory:

Hand Weapons
 c - a +3 demon trident (weapon)
Armour
 a - a +0 robe (worn)
Wands
 q - a wand of mindburst (10)
Scrolls
 h - a scroll of silence {unknown}
 j - a scroll of torment {unknown}
 k - 3 scrolls of fear {unknown}
 m - a scroll of immolation {unknown}
 n - a scroll of identify {unknown}
Potions
 b - 3 potions of magic
 d - a potion of heal wounds
 e - 2 potions of haste
 f - a potion of berserk rage
 i - a potion of mutation
 l - a potion of flight {unknown}
 o - a potion of ambrosia {unknown}
 p - a potion of resistance {unknown}


   Skills:
 + Level 15.2 Dodging
 - Level 3.0 Stealth
 + Level 14.0 Spellcasting
 * Level 8.3 Conjurations
 - Level 1.3 Transmutations
 * Level 6.3 Fire Magic
 * Level 15.2 Earth Magic


You had 28 spell levels left.
You knew the following spells:

 Your Spells              Type           Power      Damage    Failure   Level
a - Sandblast             Erth           100%       2d20      0%          1
b - Stone Arrow           Conj/Erth      100%       3d13      1%          3
c - Fireball              Conj/Fire      22%        3d10      1%          5

Your spell library contained the following spells:

 Spells                   Type           Power      Damage    Failure   Level
 Iron Shot                Conj/Erth      29%        9d6       1%          6
 Passwall                 Tmut/Erth      40%        N/A       1%          2
 Inner Flame              Hex/Fire       28%        N/A       1%          3
 Petrify                  Tmut/Erth      49%        N/A       1%          4
 Cause Fear               Hex            7%         N/A       38%         4
 Discord                  Hex            7%         N/A       100%        8


Dungeon Overview and Level Annotations

Branches:
Dungeon (1/1)

Altars:
Cheibriados
Dithmenos
Elyvilon
Fedhas
Gozag
Hepliaklqana
Kikubaaqudgha
Makhleb
Nemelex Xobeh
Okawaru
Qazlal
Ru
Sif Muna
Trog
Uskayaw
Vehumet
Wu Jian
Xom
Yredelemnul
Zin
The Shining One
Jiyva
Lugonu


Innate Abilities, Weirdness & Mutations

You are very small and have problems with some larger weapons.
You are too small for most types of armour.
You have supernaturally acute eyesight. (SInv)
You cover ground extremely quickly. (Speed+++)
Your natural rate of healing is unusually fast.
You are robust. (+10% HP)
You have great hidden genetic potential.


Message History

The death drake breathes miasma at you. The foul vapour misses you.
Unknown command.
Casting: Stone Arrow (safe; 1% risk of failure)
Confirm with . or Enter, or press ? or * to list all spells.
Aiming: Stone Arrow (safe; 1% risk of failure)
Press: ? - help, Shift-Dir - straight line, f/p - death drake
Aim: a death drake (lightly wounded, catching its breath, 66% to hit)
The stone arrow hits the death drake!!
The death drake is heavily wounded.
You are engulfed in dark miasma.
You are poisoned.
You feel yourself slow down.
You feel very sick.
Unknown command.
Casting: Stone Arrow (safe; 1% risk of failure)
Confirm with . or Enter, or press ? or * to list all spells.
Aiming: Stone Arrow (safe; 1% risk of failure)
Press: ? - help, Shift-Dir - straight line, f/p - death drake
Aim: a death drake (foul pestilence, heavily wounded, catching its breath, 66% to hit)
The stone arrow hits the death drake!!
The death drake is almost dead.
You are engulfed in dark miasma.
You are more poisoned.
You feel extremely sick. The death drake misses you.
Unknown command.
Unknown command.
Casting: Stone Arrow (safe; 1% risk of failure)
Confirm with . or Enter, or press ? or * to list all spells.
Aiming: Stone Arrow (safe; 1% risk of failure)
Press: ? - help, Shift-Dir - straight line, f/p - death drake
Aim: a death drake (foul pestilence, severely wounded, catching its breath, 66% to hit)
The stone arrow hits the death drake.
The death drake is almost dead.
You are engulfed in dark miasma.
You are lethally poisoned!
You feel as though you will be slow longer.
* * * LOW HITPOINT WARNING * * *
You die...

#..♣♣ ♣♣♣##+######
###'♣♣♣♣♣♣♣♣♣♣♣♣♣♣♣
♣♣♣♣.##..##~~~~~≈..#
♣...##.##.#~~~~°...#
♣♣†##.##.##'~~~≈○####+
♣..#†##...#~~...☼°°!.
♣♣.##.##.(#≈..+######
♣♣.##.#####...#
♣.....##...°k@#
########+######


You could see a death drake (catching breath).

Vanquished Creatures
  2 hydras (D)
  Erolcha (D)
  Urug (D)
  A deep elf pyromancer (D)
  A lindwurm (D)
  2 cane toads (D)
  A komodo dragon (D)
  3 wandering mushrooms (D)
  2 tyrant leeches (D)
  A shadow (D)
  5 redbacks (D)
  A spatial vortex (D)
  5 two-headed ogres (D)
  A water elemental (D)
  A necrophage (D)
  An electric eel (D)
  A jelly (D)
  A wizard (D)
  A necromancer (D)
  3 humans (D)
  A kobold demonologist (D)
  A phantom (D)
  An endoplasm (D)
  3 rats (D)
41 creatures vanquished.

Vanquished Creatures (others)
  A plant (D)
1 creature vanquished.

Grand Total: 42 creatures vanquished

Notes
Turn   | Place    | Note
-------+----------+-------------------------------------------
     0 | D        | Groucho the Spriggan Earth Elementalist began the quest for
                  | the Orb.
     0 | D        | Reached XP level 1. HP: 9/9 MP: 5/5
   505 | D        | Reached XP level 2. HP: 13/13 MP: 0/8
   851 | D        | Noticed a water elemental
   883 | D        | Killed a water elemental
   884 | D        | Reached skill level 5 in Spellcasting
   884 | D        | Reached XP level 3. HP: 16/16 MP: 6/11
   884 | D        | Reached XP level 4. HP: 21/21 MP: 6/12
   895 | D        | Learned a level 3 spell: Stone Arrow
   922 | D        | Found a radiant altar of Vehumet.
   924 | D        | Noticed a wizard
   926 | D        | Killed a wizard
   935 | D        | Found a shimmering blue altar of Sif Muna.
   935 | D        | Found an ancient bone altar of Kikubaaqudgha.
  1092 | D        | Became a worshipper of Vehumet
  1111 | D        | Found a shadowy altar of Dithmenos.
  1111 | D        | Noticed a necrophage
  1113 | D        | Killed a necrophage
  1114 | D        | Reached XP level 5. HP: 24/24 MP: 11/15
  1117 | D        | Found a basalt altar of Yredelemnul.
  1117 | D        | Found a sacrificial altar of Ru.
  1325 | D        | Found a hide-covered altar of Uskayaw.
  1325 | D        | Found an iron altar of Okawaru.
  1327 | D        | Found a bloodstained altar of Trog.
  1328 | D        | Found an ornate altar of the Wu Jian Council.
  1328 | D        | Noticed a human
  1330 | D        | Noticed a human
  1366 | D        | Killed a human
  1366 | D        | Reached * piety under Vehumet
  1366 | D        | Offered knowledge of Shock by Vehumet.
  1367 | D        | Reached XP level 6. HP: 28/28 MP: 7/18
  1367 | D        | Killed a human
  1368 | D        | Reached skill level 10 in Dodging
  1368 | D        | Reached skill level 10 in Earth Magic
  1642 | D        | Found a glowing silver altar of Zin.
  1643 | D        | Found a glowing golden altar of the Shining One.
  1644 | D        | Found a white marble altar of Elyvilon.
  1645 | D        | Noticed a deep elf pyromancer
  1650 | D        | Killed a deep elf pyromancer
  1651 | D        | Reached skill level 10 in Spellcasting
  1651 | D        | Reached XP level 7. HP: 32/32 MP: 15/22
  1833 | D        | Noticed a shadow
  1839 | D        | Killed a shadow
  1839 | D        | Reached ** piety under Vehumet
  1839 | D        | Offered knowledge of Magic Dart by Vehumet.
  1840 | D        | Reached XP level 8. HP: 36/36 MP: 16/23
  2098 | D        | Found a blossoming altar of Fedhas.
  2098 | D        | Found a stormy altar of Qazlal.
  2098 | D        | Found a snail-covered altar of Cheibriados.
  2098 | D        | Found a burning altar of Makhleb.
  2098 | D        | Found a shimmering altar of Xom.
  2100 | D        | Found a hazy altar of Hepliaklqana.
  2100 | D        | Found an opulent altar of Gozag.
  2100 | D        | Found a sparkling altar of Nemelex Xobeh.
  2100 | D        | Found a corrupted altar of Lugonu.
  2100 | D        | Found a viscous altar of Jiyva.
  2103 | D        | Reached skill level 1 in Conjurations
  2337 | D        | Offered knowledge of Scorch by Vehumet.
  2345 | D        | Reached *** piety under Vehumet
  2607 | D        | Noticed a two-headed ogre
  2623 | D        | Killed a two-headed ogre
  2623 | D        | Offered knowledge of Olgreb's Toxic Radiance by Vehumet.
  2799 | D        | Noticed a two-headed ogre
  2799 | D        | Noticed Erolcha
  2803 | D        | Killed Erolcha
  2804 | D        | Reached XP level 9. HP: 39/39 MP: 12/26
  2810 | D        | Killed a two-headed ogre
  2811 | D        | Reached skill level 5 in Conjurations
  3039 | D        | Reached **** piety under Vehumet
  3040 | D        | Offered knowledge of Fireball by Vehumet.
  3262 | D        | Learned a level 5 spell: Fireball
  3263 | D        | Noticed a wandering mushroom
  3268 | D        | Killed a wandering mushroom
  3269 | D        | Reached skill level 1 in Fire Magic
  3401 | D        | Noticed a wandering mushroom
  3403 | D        | Noticed a wandering mushroom
  3407 | D        | Killed a wandering mushroom
  3411 | D        | Killed a wandering mushroom
  3417 | D        | Gained mutation: You have hidden genetic potential. [potion
                  | of mutation]
  3417 | D        | Gained mutation: You are robust. (+10% HP) [potion of
                  | mutation]
  3417 | D        | Gained mutation: You have great hidden genetic potential.
                  | [potion of mutation]
  3648 | D        | Noticed a cane toad
  3648 | D        | Noticed a komodo dragon
  3648 | D        | Noticed a cane toad
  3674 | D        | Killed a cane toad
  3674 | D        | Reached ***** piety under Vehumet
  3674 | D        | Offered knowledge of Hailstorm by Vehumet.
  3677 | D        | Killed a cane toad
  3678 | D        | Reached XP level 10. HP: 34/48 MP: 17/28
  4349 | D        | Noticed a lindwurm
  4351 | D        | Killed a lindwurm
  4652 | D        | Reached skill level 5 in Fire Magic
  4652 | D        | Noticed Urug
  4658 | D        | Killed Urug
  4658 | D        | Offered knowledge of Iron Shot by Vehumet.
  4663 | D        | Gained mutation: Your natural rate of healing is unusually
                  | fast. [hidden potential]
  4935 | D        | Noticed a seven-headed hydra
  4935 | D        | Noticed a four-headed hydra
  4954 | D        | Killed a four-headed hydra
  4955 | D        | Reached skill level 15 in Dodging
  4955 | D        | Reached skill level 15 in Earth Magic
  4967 | D        | Killed a seven-headed hydra
  5161 | D        | Noticed a death drake
  5167 | D        | Succumbed to a death drake's dark miasma

Illustrated notes

Levels and vault maps discovered:
D:        dungeon_sprint_mu [sprint_mu_entry_forest, sprint_mu_temple_rooms,
          sprint_mu_d1_spiders, sprint_mu_d2_genie, sprint_mu_d3_branching,
          sprint_mu_orc_legion, sprint_mu_elf_gauntlet, sprint_mu_hive_nellie,
          sprint_mu_lair_fedhas, sprint_mu_vaults_butterflies,
          sprint_mu_slime_circle, sprint_mu_swamp_cave, sprint_mu_snake_twists,
          sprint_mu_blade_basic, sprint_mu_crypt_fortress,
          sprint_mu_tomb_spiral, sprint_mu_vestibule_basic,
          sprint_mu_gehenna_hellfire, sprint_mu_dis_giant,
          sprint_mu_tartarus_statrot, sprint_mu_cocytus_islands, sprint_mu_zot1]

Skill      XL: |  1  2  3  4  5  6  7  8  9 10 |
---------------+-------------------------------+-----
Dodging        | 4 6 7 9 11 13 14 15 | 15.2
Spellcasting   | 4 5 7 8 10 12 13 14 | 14.0
Earth Magic    | 4 6 7 9 11 13 14 15 | 15.2
Conjurations   | 4 6 8 |  8.3
Fire Magic     | 3 6 |  6.3
Stealth        | |  3.0
Transmutations | |  1.3

Action                   |  1- 3 |  4- 6 |  7- 9 | 10-12 || total
-------------------------+-------+-------+-------+-------++-------
Melee: Unarmed           |     7 |       |       |       ||     7
 Cast: Sandblast         |    24 |    19 |       |       ||    43
       Stone Arrow       |       |     4 |    46 |    42 ||    92
  Use: Potion            |       |       |     3 |       ||     3
       Scroll            |       |       |     1 |       ||     1
Dodge: Dodged            |    13 |     7 |    18 |     8 ||    46
